AoeStats
← 李天尊

African Clearing

510480678Analyzed
4v4 RM · 2d ago on Oct 1, 2026· 91m 18s· 8 players
Game mode
Random Map
Map size
Large (8 player)
Population
200
Speed
Normal
Resources
Standard
Victory
Conquest
Starting age
Dark Age
Ending age
Imperial Age
RankedLock teamsTeams togetherTeam positionsShared explorationLock speedFull tech treeHidden civsTurbo modeCheats
Victory
Defeat
🇨🇳 Huns · China
1411
+20
🇯🇵 Varangians · Japan
1395
+20
🇨🇳 Mapuche · China
1393
+20
🇹🇼 Danes · Taiwan
1363
+21
🇨🇳 Mapuche · China
1681
-27
🇯🇵 Magyars · Japan
1525
-23
🇦🇷 Spanish · Argentina
1407
-17
🇨🇳 Chinese · China
1338
-14
SlyFever
11:46 Loom
13:35 Feudal Age
16:55 Double-Bit Axe
19:32 Castle Age
17:53 Fletching
18:48 Padded Archer Armor
20:40 Bodkin Arrow
21:09 Bow Saw
24:33 Ballistics
25:48 Leather Archer Armor
34:28 Malon
35:38 Wheelbarrow
34:48 Town Watch
36:00 Horse Collar
35:55 Elite Skirmisher
41:26 Imperial Age
39:09 Heavy Plow
39:01 Gold Mining
40:50 Hand Cart
41:19 Gold Shaft Mining
41:38 Stone Mining
41:51 Town Patrol
42:44 Ring Archer Armor
41:43 Elite Bolas Rider
43:59 Chemistry
45:08 Scale Mail Armor
45:19 Forging
45:05 Pikeman
46:19 Crop Rotation
46:25 Stone Shaft Mining
47:46 Iron Casting
47:26 Chain Mail Armor
47:35 Treadmill Crane
48:06 Masonry
48:48 Butalmapu
50:25 Conscription
50:55 Plate Mail Armor
51:25 Blast Furnace
51:03 Architecture
51:13 Coinage
52:15 Blast Furnace
50:46 Halberdier
52:44 Capped Ram
57:53 Arson
58:42 Banking
58:27 Siege Engineers
60:55 Elite Kona
63:03 Hoardings
76:51 Caravan
fumisaiji
9:42 Loom
12:56 Feudal Age
13:27 Double-Bit Axe
14:56 Forging
19:00 Wheelbarrow
23:52 Bloodlines
25:46 Castle Age
23:46 Horse Collar
25:03 Bloodlines
25:00 Scale Barding Armor
27:07 Light Cavalry
40:30 Hand Cart
41:22 Iron Casting
44:22 Scale Mail Armor
44:47 Bow Saw
45:36 Town Watch
47:06 Fletching
47:16 Padded Archer Armor
50:48 Imperial Age
48:39 Heavy Plow
49:41 Chain Mail Armor
49:43 Gold Mining
49:44 Stone Mining
50:06 Squires
49:52 Arson
50:28 Elite Skirmisher
52:05 Plate Mail Armor
52:35 Blast Furnace
52:10 Chain Barding Armor
52:56 Conscription
52:22 Elite Jarl
54:25 Bodkin Arrow
54:31 Padded Archer Armor
56:14 Plate Barding Armor
56:05 Bracer
56:25 Siege Engineers
56:30 Masonry
56:41 Ballistics
57:22 Chemistry
57:28 Two-Man Saw
58:26 Leather Archer Armor
57:57 Pikeman
59:22 Halberdier
61:07 Capped Ram
62:53 Ring Archer Armor
66:39 Caravan
74:52 Guilds
76:15 Husbandry
75:57 Siege Ram
78:27 Fortified Wall
78:47 Architecture
77:57 Treadmill Crane
81:52 Crop Rotation
81:10 Hussar
86:18 Vendel Legacy
86:38 Elite Varangian Guard
87:03 Gambesons
87:09 Cavalier
hoot
12:11 Feudal Age
11:07 Loom
12:56 Town Watch
13:21 Double-Bit Axe
18:12 Forging
24:30 Fletching
28:56 Wheelbarrow
30:08 Horse Collar
35:07 Castle Age
34:42 Gold Mining
34:45 Stone Mining
36:07 Bow Saw
35:58 Heavy Plow
36:56 Hand Cart
37:21 Bodkin Arrow
39:40 Pikeman
43:04 Scale Mail Armor
49:16 Squires
50:05 Ballistics
56:04 Imperial Age
56:06 Marauders
56:14 Scale Barding Armor
56:25 Chain Mail Armor
56:11 Halberdier
58:07 Two-Man Saw
58:18 Bloodlines
58:08 Husbandry
58:41 Chain Barding Armor
58:57 Iron Casting
59:58 Plate Barding Armor
59:49 Conscription
60:45 Elite Tarkan
63:21 Blast Furnace
67:33 Coinage
67:13 Guilds
69:49 Bracer
69:49 Padded Archer Armor
70:05 Masonry
71:23 Thumb Ring
71:46 Parthian Tactics
72:06 Caravan
74:24 Banking
74:40 Leather Archer Armor
74:03 Elite Skirmisher
74:20 Light Cavalry
78:33 Hussar
78:49 Capped Ram
79:40 Siege Ram
81:36 Gold Shaft Mining
80:51 Stone Mining
81:40 Heavy Cavalry Archer
85:19 Chemistry
李天尊
9:40 Loom
13:46 Feudal Age
14:02 Man-at-Arms
14:30 Double-Bit Axe
19:24 Castle Age
18:16 Horse Collar
20:47 Bow Saw
23:21 Scale Mail Armor
24:39 Wheelbarrow
23:51 Town Watch
25:35 Forging
26:17 Squires
26:04 Arson
28:01 Gambesons
29:05 Iron Casting
30:02 Hamask
31:38 Chain Mail Armor
32:58 Stone Mining
32:58 Gold Mining
33:14 Heavy Plow
33:59 Hand Cart
38:53 Imperial Age
37:17 Town Patrol
38:13 Pikeman
40:10 Conscription
39:49 Halberdier
41:10 Plate Mail Armor
41:59 Elite Jomsviking
44:09 Blast Furnace
44:13 Gold Shaft Mining
44:14 Stone Shaft Mining
44:59 Fletching
45:10 Padded Archer Armor
48:44 Leather Archer Armor
48:25 Bodkin Arrow
49:13 Elite Varangian Guard
49:43 Elite Skirmisher
51:24 Ring Archer Armor
50:55 Bracer
60:43 Ballistics
63:42 Chemistry
62:48 Siege Engineers
74:33 Arrowslits
74:39 Guard Tower
75:00 Masonry
77:04 Caravan
87:55 Capped Ram
89:35 Siege Ram
76561198408979116
7:33 Loom
12:14 Feudal Age
13:09 Double-Bit Axe
25:55 Bloodlines
26:45 Scale Barding Armor
37:22 Castle Age
40:57 Horse Collar
41:32 Bow Saw
42:51 Heavy Plow
45:31 Wheelbarrow
44:48 Town Watch
45:36 Gold Mining
45:36 Stone Mining
49:34 Imperial Age
48:33 Hand Cart
48:19 Light Cavalry
49:00 Husbandry
49:24 Chain Barding Armor
50:10 Gold Shaft Mining
49:48 Hussar
51:35 Plate Barding Armor
51:22 Cavalier
52:50 Paladin
55:41 Fletching
55:52 Padded Archer Armor
57:05 Chemistry
56:25 Ballistics
55:43 Elite Skirmisher
56:30 Thumb Ring
56:36 Bodkin Arrow
57:15 Ballistics
57:18 Conscription
57:38 Leather Archer Armor
58:52 Bracer
59:23 Ring Archer Armor
59:08 Heavy Cavalry Archer
60:35 Parthian Tactics
60:57 Recurve Bow
66:11 Hoardings
71:30 Two-Man Saw
79:01 Caravan
84:04 Capped Ram
jijiojojo
10:17 Loom
13:17 Feudal Age
17:43 Castle Age
50:31 Wheelbarrow
50:28 Double-Bit Axe
50:27 Horse Collar
51:37 Town Watch
52:08 Hand Cart
52:10 Bow Saw
52:24 Gold Mining
55:31 Imperial Age
53:17 Fletching
53:27 Padded Archer Armor
54:07 Bodkin Arrow
56:12 Leather Archer Armor
56:06 Elite Bolas Rider
58:04 Chemistry
58:16 Ballistics
60:50 Conscription
61:09 Malon
63:36 Butalmapu
64:36 Pikeman
65:20 Scale Mail Armor
65:31 Forging
65:30 Halberdier
83:28 Caravan
89:46 Ring Archer Armor
知否
3:48 Loom
14:54 Feudal Age
18:45 Castle Age
17:25 Double-Bit Axe
17:21 Horse Collar
30:43 Fletching
30:53 Padded Archer Armor
31:34 Wheelbarrow
33:33 Imperial Age
31:39 Gold Mining
32:01 Bodkin Arrow
32:22 Leather Archer Armor
33:29 Wheelbarrow
33:12 Bow Saw
35:30 Stone Mining
36:16 Gold Shaft Mining
35:07 Elite Chu Ko Nu
36:09 Bracer
36:33 Ballistics
36:54 Hand Cart
37:35 Conscription
38:57 Chemistry
40:30 Rocketry
41:57 Ring Archer Armor
42:39 Caravan
43:11 Coinage
44:32 Banking
45:26 Town Watch
51:47 Two-Man Saw
56:46 Gold Shaft Mining
56:46 Stone Shaft Mining
77:00 Elite Skirmisher
78:25 Heavy Plow
79:17 Thumb Ring
星梦
11:05 Loom
13:15 Feudal Age
14:57 Double-Bit Axe
17:31 Castle Age
15:50 Gold Mining
19:37 Bow Saw
20:59 Wheelbarrow
20:49 Horse Collar
34:38 Imperial Age
32:55 Scale Barding Armor
33:00 Forging
34:32 Chain Barding Armor
34:26 Bloodlines
35:40 Iron Casting
35:08 Husbandry
34:41 Cavalier
36:30 Plate Barding Armor
37:00 Conscription
38:02 Blast Furnace
39:52 Paladin
44:25 Coinage
44:06 Guilds
45:16 Light Cavalry
46:36 Banking
47:30 Hussar
51:18 Heavy Plow
52:24 Supremacy
56:48 Ballistics
56:39 Masonry
57:29 Hand Cart
57:00 Town Watch
58:05 Fletching
59:17 Chemistry
60:21 Bodkin Arrow
61:38 Bracer
61:59 Bombard Tower
62:11 Architecture
61:36 Murder Holes
64:03 Caravan
63:33 Pikeman
64:13 Squires
66:29 Scale Mail Armor
67:13 Halberdier
69:19 Chain Mail Armor
76:02 Man-at-Arms
77:44 Plate Mail Armor
76:36 Long Swordsman
77:14 Two-Handed Swordsman
78:36 Fortified Wall
80:09 Padded Archer Armor
80:13 Gambesons
80:14 Arson
82:49 Champion
84:07 Leather Archer Armor
85:00 Elite Skirmisher
85:46 Thumb Ring
88:29 Ring Archer Armor
88:44 Capped Ram
Connection lost

Rejoining the realm…

Still unreachable

The connection could not be restored.

Session expired

The server has moved on; the page needs a fresh start.